 Dungeon Crawl Stone Soup version 0.24.0-1-gfbc8707122 (webtiles) character file.

Game seed: 10170300643141786482, levelgen mode: deterministic

42 Ponchio the Skirmisher (level 3, -1/24 HPs)
             Began as a Gargoyle Fighter on Oct 28, 2019.
             Killed from afar by Sigmund (9 damage)
             ... with a magic dart
             ... on level 2 of the Dungeon.
             The game lasted 00:03:27 (1109 turns).

Ponchio the Skirmisher (Gargoyle Fighter)           Turns: 1109, Time: 00:03:28

Health: -1/24      AC:  8    Str: 19    XL:     3   Next: 56%
Magic:  3/3        EV:  8    Int:  8    God:
Gold:   30         SH:  9    Dex: 10    Spells: 2/2 levels left

rFire    . . .     SeeInvis .   a - +0 flail
rCold    . . .     Gourm    .   c - +0 shield
rNeg     + . .     Faith    .   g - +0 ring mail
rPois    ∞         Spirit   .   (no helmet)
rElec    +         Reflect  .   (no cloak)
rCorr    .         Harm     .   (no gloves)
MR       .....                  (no boots)
Stlth    ..........             (no amulet)
HPRegen  0.08/turn              (no ring)
MPRegen  0.08/turn              (no ring)

@: no status effects
A: negative energy resistance 1, electricity resistance, unbreathing,
petrification resistance, rot immunity, AC +3
a: no special abilities


You were on level 2 of the Dungeon.
You were hungry.

You visited 1 branch of the dungeon, and saw 2 of its levels.

You collected 30 gold pieces.

Inventory:

Hand Weapons
 a - a +0 flail (weapon)
Armour
 c - a +0 shield (worn)
 g - a +0 ring mail (worn)
Scrolls
 b - 3 scrolls of enchant weapon {unknown}
 h - a scroll of remove curse {unknown}
 j - a scroll of identify {unknown}
Potions
 d - a potion of might
 e - 2 potions of haste {unknown}
 i - a potion of agility {unknown}
Comestibles
 f - 5 rations


   Skills:
 + Level 4.2 Fighting
 + Level 3.0 Maces & Flails
 - Level 3.2 Armour
 - Level 3.2 Shields


You had 2 spell levels left.
You didn't know any spells.
Your spell library was empty.

Dungeon Overview and Level Annotations

Branches:
Dungeon (2/15)

Altars:

Annotations:
D:2 Sigmund


Innate Abilities, Weirdness & Mutations

You are resistant to torment.
Your stone body is resilient. (AC +3)
You are immune to poison.
You resist negative energy. (rN+)
You are resistant to electric shocks. (rElec)
You can survive without breathing.
You are immune to petrification.
You are immune to rotting.


Message History

The leopard gecko bites you. The goblin hits you but does no damage.
Your shield prevents you from hitting the leopard gecko.
The leopard gecko is severely wounded.
You block the leopard gecko's attack.
Sigmund casts a spell.
Sigmund flickers and vanishes!
Deactivating autopickup; reactivate with Ctrl-A.
The goblin hits you but does no damage. Something hits you.
The leopard gecko hisses menacingly.
The leopard gecko closely misses you.
You see here a scroll labeled MIARUNIXTO.
The leopard gecko bites you but does no damage.
The leopard gecko bites you but does no damage.
The leopard gecko bites you. You block the leopard gecko's attack.
A puff of flame appears from out of thin air!
The puff of flame hits you!
A magic dart appears from out of thin air!
The magic dart hits you!
You die...

##......†.......
#.....#.##....
#.....#.# ##
#.....#.#######
#.....#........
#..............
#.....g########
#.....l........
#.####@########
#.. #.# ### #.#
#.# #.#
#.############
#.##.........#
#.##.#######.#
#.##.# #.#


You could see a leopard gecko and a goblin.

Vanquished Creatures
  An ooze (D:1)
  A dart slug (D:1)
  2 leopard geckos
  4 bats (D:1)
  5 giant cockroaches (D:1)
  2 goblins (D:1)
  6 hobgoblins (D:1)
  4 kobolds (D:1)
  2 frilled lizards (D:1)
  3 rats (D:1)
30 creatures vanquished.

Notes
Turn   | Place    | Note
-------+----------+-------------------------------------------
     0 | D:1      | Ponchio the Gargoyle Fighter began the quest for the Orb.
     0 | D:1      | Reached XP level 1. HP: 14/14 MP: 1/1
    78 | D:1      | Reached XP level 2. HP: 18/19 MP: 2/2
   374 | D:1      | Reached XP level 3. HP: 22/24 MP: 3/3
   387 | D:1      | Reached skill level 4 in Fighting
  1079 | D:2      | Noticed Sigmund
  1109 | D:2      | Killed from afar by Sigmund

Levels and vault maps discovered:
D:1:      tarquinn_simple_flora_water_f, layout_basic, st_stairs_11
D:2:      layout_basic, hangedman_abyss_or_decor_lesser_grid, minmay_tall_x,
          uniq_sigmund

Skill      XL: |  1  2  3 |
---------------+----------+-----
Fighting       | 4 |  4.2
Maces & Flails | 3 |  3.0
Armour         | |  3.2
Shields        | |  3.2

Action                   || total
-------------------------++-------
Melee: Flail             ||    98
Armor: Scale mail        ||    12
       Ring mail         ||    49
Dodge: Dodged            ||    31
Block: Shield            ||    60
